 Dungeon Crawl Stone Soup version 0.28.0-43-g3370ac3207 (webtiles) character file.

Game seed: 9790410256555541383

2557 mortz the Magician (level 9, -3/54 HPs)
             Began as an Octopode Air Elementalist on Mar 29, 2022.
             Was a Follower of Sif Muna.
             Splashed by a goliath frog's acid (9 damage)
             ... summoned by a worldbinder
             ... on level 2 of the Abyss.
             The game lasted 00:55:27 (10687 turns).

mortz the Magician (Octopode Air Elementalist)     Turns: 10687, Time: 00:55:28

Health: -3/54      AC:  1    Str:  7    XL:     9   Next: 56%
Magic:  19/19      EV: 13    Int: 22    God:    Sif Muna [*.....]
Gold:   260        SH:  0    Dex: 12    Spells: 9/22 levels left

rFire   . . .      SeeInvis .   t - +3 hand axe (vamp) {axe}
rCold   . . .      Faith    .   (no shield)
rNeg    . . .      Spirit   .   (helmet restricted)
rPois   .          Reflect  .   (no amulet)
rElec   .          Harm     .   (no ring)
rCorr   .          Rampage  .   (no ring)
Will    .....                   (no ring)
Stlth   ++........              (no ring)
HPRegen 0.18/turn               (no ring)
MPRegen 0.16/turn               (no ring)
                                (no ring)
                                (no ring)

@: confused
A: almost no armour, amphibious, 8 rings, camouflage 1, gelatinous body 1,
(nimble swimmer 1), tentacles
a: Renounce Religion, Channel Magic


You were on level 2 of the Abyss.
You worshipped Sif Muna.
Sif Muna was aware of your devotion.
You visited 2 branches of the dungeon, and saw 8 of its levels.
You visited the Abyss 1 time.

You collected 286 gold pieces.
You spent 26 gold pieces at shops.


Innate Abilities, Weirdness & Mutations

You cannot wear most types of armour.
You are amphibious.
You can wear up to eight rings at the same time.
Your skin changes colour to match your surroundings (Stealth+).
Your rubbery body absorbs attacks. (AC +1, EV +1)
((You are camouflaged when in or above water. (Stealth+)))
You have tentacles for arms and can constrict up to eight enemies at once.


   Skills:
 + Level 1.6 Fighting
 + Level 0.1 Short Blades
 + Level 0.2 Axes
 + Level 2.7 Dodging
 + Level 5.1 Stealth
 + Level 7.2 Spellcasting
 + Level 6.3 Conjurations
 + Level 1.3 Translocations
 + Level 7.1 Air Magic


You had 9 spell levels left.
You knew the following spells:

 Your Spells              Type           Power      Damage    Failure   Level
a - Shock                 Conj/Air       100%       1d9       1%          1
b - Static Discharge      Conj/Air       37%        N/A       1%          2
c - Poisonous Vapours     Pois/Air       46%        N/A       2%          2
d - Airstrike             Air            19%        N/A       4%          4
e - Apportation           Tloc           26%        N/A       4%          1
f - Swiftness             Air            39%        N/A       1%          3

Your spell library contained the following spells:

 Spells                   Type           Power      Damage    Failure   Level
 Sting                    Tmut/Pois      28%        1d4       9%          1
 Olgreb's Toxic Radiance  Pois           7%         N/A       63%         4
 Alistair's Intoxication  Tmut/Pois      4%         N/A       92%         5

Inventory:

Hand Weapons
 e - a +1 dagger of electrocution {short}
   (You took it off Dowan on level 4 of the Dungeon)
 r - a +1 scythe of venom {polearm}
   (You took it off Sigmund on level 3 of the Dungeon)
 t - a +3 vampiric hand axe (weapon) {axe}
   (You found it on level 5 of the Dungeon)
 v - a +0 dire flail {mace}
   (You took it off an orc warrior on level 6 of the Dungeon)
Missiles
 b - 172 stones {throwing}
 n - 11 boomerangs {throwing}
 p - 9 poisoned darts {throwing}
 w - a curare-tipped dart {=fthrowing}
Magical Staves
 m - a staff of air {!astaff}
   (You found it on level 2 of the Dungeon)
Wands
 j - a wand of flame (3)
   (You took it off Robin on level 2 of the Dungeon)
 x - a wand of polymorph (21)
   (You took it off a kobold brigand on level 6 of the Dungeon)
Scrolls
 a - a scroll of fog {unknown}
 c - 2 scrolls of teleportation {@r4}
 g - a scroll of amnesia {unknown}
 h - a scroll of silence {!r}
 o - a scroll of brand weapon
 q - a scroll of enchant weapon {unknown}
 u - a scroll of torment {unknown}
 y - a scroll of summoning {unknown}
Potions
 d - 2 potions of cancellation
 f - a potion of ambrosia {unknown}
 i - 7 potions of curing {@q1}
 k - 2 potions of haste {unknown}
 l - 2 potions of invisibility
 s - a potion of might {unknown}

Dungeon Overview and Level Annotations

Branches:
Dungeon (7/15)             Temple (1/1) D:4

Altars:
Ashenzari
Cheibriados
Dithmenos
Elyvilon
Fedhas
Hepliaklqana
Kikubaaqudgha
Makhleb
Nemelex Xobeh
Okawaru
Qazlal
Ru
Sif Muna
Trog
Uskayaw
Vehumet
Wu Jian
Xom
Yredelemnul
The Shining One

Shops:
D:6 *

Annotations:
D:3 1 runed translucent door, Crazy Yiuf
D:7 Harold, Joseph, Maggie

## ## #. ###. .##
#. .. ##...###.##
#.#. #
.#.....#...# .#.
.........### # . .
.......GFk.##..
..#
......GGnx.##...#.
## .#...
.#@##......... #
##...####.#
....#..##♣ #....
#..# ##..#.....#
...... #.G# #... .
.. .... . .
#........ .. ...
... #### #... #
#.. . .. ..# #. ..
#. . ..G#
#...#.#.# . . . #.
.. .#


You could see a goliath frog (summoned), a worldbinder, a bog body (summoned), a
swamp drake (summoned) and 3 golden eyes.


Message History

You are terrified of the glowing orange brain!
You hit the small abomination but do no damage.
You squeeze the small abomination.
You plunge deeper into the Abyss.
You start waiting.
You feel less confused.
An ufetubus bursts from nowhere.
A golden eye comes into view.
The golden eye turns its gaze towards you.
The golden eye turns its gaze towards you.
The golden eye blinks at you.
You are confused.
A golden eye comes into view.
You start waiting.
A golden eye is nearby!
You're too confused to cast spells.
The golden eye turns its gaze towards you.
The golden eye blinks!
The golden eye blinks at you.
You are more confused.
The golden eye turns its gaze towards you.
The golden eye blinks at you.
You are more confused.
The golden eye blinks at you. You resist with almost no effort.
You feel a sense of dread.
t - a +3 vampiric hand axe (weapon)
{axe} The golden eye blinks at you.
You are more confused.
The golden eye blinks!
The golden eye blinks at you.
You easily resist.
The golden eye blinks!
You bump into the rock wall.
The golden eye blinks at you. You resist with almost no effort.
The golden eye blinks at you. You resist with almost no effort.
You barely miss the golden eye.
A worldbinder comes into view.
The golden eye blinks!
The worldbinder moves out of view.
The golden eye blinks at you.
You are more confused.
You're too confused to move!
The golden eye blinks at you. You resist with some effort.
The golden eye blinks at you.
You are more confused.
The golden eye turns its gaze towards you. x2
The golden eye blinks at you.
You are more confused.
The golden eye blinks! x2
The golden eye turns its gaze towards you. x2
The golden eye blinks at you.
You are more confused.
The golden eye blinks at you.
You are more confused.
The golden eye blinks!
The worldbinder barely misses you. The worldbinder hits you. 😕 HP[-1]
You take 1 damage, and now have 53/54 hp.
The golden eye blinks at you.
You are more confused.
The golden eye blinks at you.
The golden eye blinks!
You bump into the rock wall.
The golden eye turns its gaze towards you.
The worldbinder calls forth creatures from the Swamp!
The golden eye blinks at you.
You are more confused.
The golden eye blinks at you.
The worldbinder closely misses you. x2 😎 HP[+1]
Your hp is fully restored (54).
You bump into the rock wall.
The golden eye blinks at you.
You are more confused.
The worldbinder calls forth creatures from the Swamp!
The golden eye blinks at you.
You barely miss the bog body.
You hit the worldbinder but do no damage.
You barely miss the golden eye.
The bog body disappears in a puff of smoke!
The worldbinder barely misses you.
The worldbinder hits you but does no damage.
The goliath frog hits you from afar.
You are splashed with acid!
The worldbinder hits you.
The worldbinder closely misses you. 😮 HP[-21]
You take 21 damage, and now have 33/54 hp.
MASSIVE DAMAGE!! (PAUSE)
You barely miss the bog body.
You hit the worldbinder but do no damage.
You completely miss the golden eye. The worldbinder closely misses you.
The worldbinder hits you. The golden eye blinks at you.
You are more confused.
The goliath frog hits you from afar!!
* * * LOW HITPOINT WARNING * * *
You are splashed with acid!
You die...

Skill      XL: |  1  2  3  4  5  6  7  8  9 |
---------------+----------------------------+-----
Stealth        | 3 4 5 |  5.1
Spellcasting   | 3 4 5 6 7 |  7.2
Conjurations   | 2 3 4 5 6 |  6.3
Air Magic      | 4 5 6 7 |  7.1
Fighting       | 1 |  1.6
Translocations | 1 |  1.3
Short Blades   | |  0.1
Axes           | |  0.2
Dodging        | |  2.7

Action                   |  1- 3 |  4- 6 |  7- 9 || total
-------------------------+-------+-------+-------++-------
Melee: Club              |     1 |       |       ||     1
       Dagger            |     9 |       |       ||     9
       Tentacles         |     4 |     1 |     5 ||    10
       Constrict         |     2 |       |     1 ||     3
       Staff             |       |     2 |     2 ||     4
       Hand axe          |       |       |    16 ||    16
 Cast: Shock             |    75 |    43 |   183 ||   301
       Static Discharge  |     5 |    15 |    55 ||    75
       Airstrike         |       |       |    15 ||    15
       Apportation       |       |       |     1 ||     1
  Use: Potion            |       |     1 |       ||     1
       Scroll            |       |       |     9 ||     9
Armor: Skin              |     1 |       |     2 ||     3
Dodge: Dodged            |    15 |    23 |    40 ||    78

Levels and vault maps discovered:
D:1:      scummos_arrival_star, layout_basic
D:2:      layout_rooms, hellmonk_ecumenical_altar_watching_god,
          serial_park_tiny_2, uniq_natasha, uniq_robin
D:3:      layout_loops_ring, serial_undead, serial_undead_a, serial_undead_b,
          serial_undead_d, serial_undead_b, grunt_decor_one_mirror,
          minmay_strange_pillars, nicolae_elevator_lobby_plus,
          uniq_crazy_yiuf_cottage, uniq_grinder, uniq_sigmund
D:4:      layout_cave_pods, minmay_temple_entry_butterflies, uniq_duvessa
D:5:      layout_rooms, bh_walls_and_bars, uniq_menkaure
D:6:      layout_basic, nicolae_tso_besieged_by_evil,
          mainiacjoe_overflow_tiny_flanked, serial_shops,
          nicolae_shop_temple_entry_statues_fountains, minivault_11
D:7:      layout_gridville, nicolae_ossuary_entry_plus,
          chequers_serial_rivers_marsh, minmay_diced_spiral, uniq_maggie,
          uniq_harold, uniq_joseph
Temple:   dpeg_five_rooms_temple
Abyss:2:  base: D:4, bh_abyss_exit_grid

Notes
Turn   | Place    | Note
-------+----------+-------------------------------------------
     0 | D:1      | mortz the Octopode Air Elementalist began the quest for the
                  | Orb.
     0 | D:1      | Reached XP level 1. HP: 11/11 MP: 3/3
     0 | D:1      | magus.rc [v1.9.6]
   298 | D:1      | Reached XP level 2. HP: 17/17 MP: 3/5
   301 | D:1      | Learned a level 2 spell: Static Discharge
   636 | D:1      | Reached skill level 3 in Stealth
  1265 | D:2      | Noticed Robin
  1272 | D:1      | Reached XP level 3. HP: 17/21 MP: 3/6
  1876 | D:2      | Identified the +2 leather armour "Yddasmurgh" {Dex+4}
  2147 | D:2      | You fall into a shaft and drop 1 floor!
  2264 | D:2      | Reached XP level 4. HP: 27/27 MP: 0/8
  2441 | D:2      | Reached skill level 3 in Spellcasting
  2656 | D:2      | Noticed a great orb of eyes
  2660 | D:2      | Found a faded altar of an unknown god.
  2664 | D:2      | Noticed a great orb of eyes
  2664 | D:2      | Noticed a shining eye
  2664 | D:2      | Noticed a golden eye
  2809 | D:2      | Killed Robin
  3055 | D:2      | Noticed Natasha
  3061 | D:2      | Killed Natasha
  3062 | D:2      | Reached skill level 2 in Conjurations
  3062 | D:2      | Reached skill level 4 in Air Magic
  3062 | D:2      | Reached XP level 5. HP: 28/31 MP: 1/9
  3221 | D:2      | Noticed Natasha
  3224 | D:2      | Killed Natasha
  3387 | D:2      | Noticed Natasha
  3395 | D:2      | Killed Natasha
  3492 | D:3      | Noticed Sigmund
  3592 | D:3      | HP: 7/31 [orc priest/+0 trident (5)]
  3593 | D:3      | HP: 1/31 [orc priest/+0 trident (6)]
  3597 | D:3      | Reached XP level 6. HP: 2/37 MP: 5/11
  3598 | D:3      | Noticed Grinder
  3612 | D:3      | HP: 2/37 [hound skeleton (2)]
  3933 | D:3      | Paralysed by Grinder for 3 turns
  3942 | D:3      | Killed Grinder
  3943 | D:3      | Reached skill level 4 in Spellcasting
  3943 | D:3      | Reached skill level 3 in Conjurations
  3943 | D:3      | Reached XP level 7. HP: 18/42 MP: 0/13
  4747 | D:3      | Reached skill level 1 in Fighting
  5038 | D:3      | Killed Sigmund
  5039 | D:3      | Reached skill level 5 in Air Magic
  5356 | D:3      | Found a runed translucent door.
  5357 | D:3      | Noticed Crazy Yiuf
  5530 | D:4      | Noticed Duvessa
  5531 | D:4      | Reached skill level 4 in Stealth
  5531 | D:4      | Reached skill level 4 in Conjurations
  5533 | D:4      | Identified a +2 robe of the Archmagi
  5533 | D:4      | Noticed Dowan
  5837 | D:4      | Reached skill level 5 in Spellcasting
  5837 | D:4      | Reached XP level 8. HP: 47/48 MP: 6/15
  6055 | D:4      | Found a staircase to the Ecumenical Temple.
  6060 | Temple   | Entered the Ecumenical Temple
  6142 | Temple   | Became a worshipper of Sif Muna the Loreminder
  6339 | D:4      | Killed Duvessa
  6340 | D:4      | Killed Dowan
  6873 | D:4      | Reached skill level 5 in Conjurations
  7274 | D:5      | Entered Level 5 of the Dungeon
  7357 | D:5      | You add the spells Sting, Poisonous Vapours and Olgreb's
                  | Toxic Radiance to your library.
  7548 | D:5      | Noticed Menkaure
  7719 | D:5      | Reached skill level 6 in Spellcasting
  7943 | D:5      | Killed Menkaure
  7944 | D:5      | Reached skill level 6 in Air Magic
  8027 | D:5      | magus.rc [v1.9.6]
  8226 | D:6      | Reached * piety under Sif Muna
  8235 | D:6      | Reached skill level 5 in Stealth
  8235 | D:6      | Reached XP level 9. HP: 46/53 MP: 1/18
  8492 | D:6      | Found Loythriv's General Store.
  8497 | D:6      | Bought a scroll of identify for 26 gold pieces
  8677 | D:6      | You pick up a book of Party Tricks and begin reading...
  8677 | D:6      | You add the spells Apportation and Alistair's Intoxication
                  | to your library.
  8681 | D:6      | Learned a level 2 spell: Poisonous Vapours
  8686 | D:6      | Learned a level 4 spell: Airstrike
  8688 | D:6      | Learned a level 1 spell: Apportation
  8692 | D:6      | Learned a level 3 spell: Swiftness
  8743 | D:6      | magus.rc [v1.9.6]
  8771 | D:6      | Reached skill level 1 in Translocations
  9279 | D:6      | Reached skill level 6 in Conjurations
  9343 | D:6      | Found an ancient bone altar of Kikubaaqudgha.
  9632 | D:6      | Found a glowing golden altar of the Shining One.
  9718 | D:6      | Reached skill level 7 in Spellcasting
  9821 | D:6      | magus.rc [v1.9.6]
  9841 | D:7      | Noticed Harold
  9854 | D:7      | HP: 11/54 [Harold/+0 trident (17)]
  9855 | D:7      | Noticed Joseph
 10099 | D:7      | Reached skill level 7 in Air Magic
 10302 | D:7      | Noticed Maggie
 10344 | D:7      | You are cast into the Abyss!
 10344 | D:7      | Cast into level 1 of the Abyss (Maggie)
 10425 | Abyss:1  | Noticed a large abomination
 10576 | Abyss:1  | Noticed a glowing orange brain
 10678 | Abyss:2  | Noticed a worldbinder
 10685 | Abyss:2  | Noticed a bog body
 10686 | Abyss:2  | Noticed a goliath frog
 10686 | Abyss:2  | Noticed a bog body
 10687 | Abyss:2  | HP: 6/54 [goliath frog[a worldbinder] (22)]
 10687 | Abyss:2  | Splashed by a goliath frog's acid

Vanquished Creatures
  Grinder (D:3)
  Sigmund (D:3)
  A steam dragon (D:6)
  Menkaure (D:5)
  A water moccasin (D:7)
  Duvessa (D:4)
  An orc warrior (D:6)
  2 black bears (D:4)
  An ogre (D:5)
  A necrophage (D:4)
  A centaur (D:6)
  A kobold brigand (D:6)
  A phantom (D:6)
  A bullfrog (D:4)
  A scorpion (D:6)
  A water moccasin zombie (D:6)
  Dowan (D:4)
  A crimson imp (D:6)
  5 orc priests
  2 hounds
  2 iguanas
  2 bullfrog skeletons
  5 orc wizards
  Natasha (thrice) (D:2)
  2 hound skeletons
  A howler monkey zombie (D:3)
  Robin (D:2)
  3 gnolls (D:3)
  9 adders
  A white imp (D:5)
  An ufetubus (D:6)
  An adder zombie (D:3)
  2 adder skeletons (D:3)
  3 worms (D:3)
  17 orcs
  4 endoplasms
  4 giant cockroaches
  6 hobgoblins
  12 kobolds
  4 quokkas
  8 ball pythons
  A ball python skeleton (D:3)
  4 bats
  A frilled lizard (D:2)
  A giant cockroach zombie (D:3)
  12 goblins
  A goblin skeleton (D:6)
  A goblin zombie (D:6)
  A hobgoblin zombie (D:6)
  3 kobold skeletons (D:6)
  A kobold zombie (D:6)
  An orc skeleton (D:6)
  2 orc zombies (D:6)
  6 rats
152 creatures vanquished.

Vanquished Creatures (others)
  11 withered plants (D:3)
11 creatures vanquished.

Grand Total: 163 creatures vanquished

Table legend:
 A = Non-vault XP
 B = Vault XP
 C = Vault XP percentage of total XP
 D = Non-vault monster count
 E = Vault monster count
 F = Vault count percentage of total count
                 A         B        C        D         E       F
            +---------+---------+-------+---------+---------+-------
      Total |    2573 |    1081 |  29.6 |     116 |      36 |  23.7
            +---------+---------+-------+---------+---------+-------
        D:1 |      33 |       8 |  19.5 |      20 |       4 |  16.7
        D:2 |     132 |      64 |  32.7 |      19 |       9 |  32.1
        D:3 |     168 |     561 |  77.0 |      17 |       9 |  34.6
        D:4 |     653 |     216 |  24.9 |      19 |       2 |   9.5
        D:5 |     244 |     172 |  41.3 |       7 |       1 |  12.5
        D:6 |    1066 |      60 |   5.3 |      27 |      11 |  28.9
        D:7 |     277 |       0 |   0.0 |       7 |       0 |   0.0
            +---------+---------+-------+---------+---------+-------

Illustrated notes

Table legend:
 A = Kills in this place as a percentage of kills in entire the game.
 B = Kills by you in this place as a percentage of kills by you in the entire game.
 C = Kills by friends in this place as a percentage of kills by friends in the entire game.
 D = Other kills in this place as a percentage of other kills in the entire game.
 E = Experience gained in this place as a percentage of experience gained in the entire game.
 F = Experience gained in this place divided by the number of levels of this place that you have seen.
                   A       B       C       D       E      F
               +-------+-------+-------+-------+-------+----------------------
         Total | 100.0 | 100.0 |   N/A |   N/A | 100.0 | 365.4
       Dungeon | 100.0 | 100.0 |   N/A |   N/A | 100.0 | 522.0
               +-------+-------+-------+-------+-------+----------------------

Table legend: (Time is in decaauts)
 A = Elapsed time spent in this place.
 B = Non-inter-level travel time spent in this place.
 C = Inter-level travel time spent in this place.
 D = Time resting spent in this place.
 E = Time spent auto-exploring this place.
 F = Levels seen in this place.
 G = Mean time per level.
                   A        B        C        D        E       F      G
               +--------+--------+--------+--------+--------+-----+--------+
         Total |  10705 |  10096 |    609 |   2921 |   5534 |  10 | 1070.5 |
       Dungeon |  10091 |   9536 |    555 |   2773 |   5334 |   7 | 1441.6 |
        Temple |    270 |    216 |     54 |      0 |    200 |   1 |  270.0 |
         Abyss |    343 |    343 |      0 |    148 |      0 |   2 |  171.5 |
               +--------+--------+--------+--------+--------+-----+--------+

Top non-repeatable levels by time:
     D:2: 2245 daAuts
     D:3: 1772 daAuts
     D:1: 1668 daAuts
     D:6: 1374 daAuts
     D:4: 1335 daAuts
     D:5: 1188 daAuts
     D:7: 507 daAuts
 Abyss:1: 293 daAuts
  Temple: 270 daAuts
 Abyss:2: 50 daAuts
